 Dungeon Crawl Stone Soup version 0.28-a0-1038-g9c4cb8273d (webtiles) character file.

Game seed: 5632800485110123527

30 fragbeetle the Ruffian (level 3, -2/28 HPs)
             Began as a Draconian Transmuter on Dec 8, 2021.
             Killed by nerve-wracking pain
             ... invoked by Jessica
              (10 damage)
             ... on level 2 of the Dungeon.
             The game lasted 00:03:43 (1351 turns).

fragbeetle the Ruffian (Draconian Transmuter)       Turns: 1351, Time: 00:03:43

Health: -2/28      AC:  5    Str: 12    XL:     3   Next: 3%
Magic:  3/6        EV: 12    Int: 15    God:
Gold:   32         SH:  0    Dex: 11    Spells: 2/6 levels left

rFire   + . .      SeeInvis .     - Unarmed
rCold   + . .      Faith    .   (no shield)
rNeg    . . .      Spirit   .   (armour unavailable)
rPois   .          Reflect  .   (helmet currently unavailable)
rElec   .          Harm     .   d - scarf {rC+ rF+}
rCorr   .          Rampage  .   (no gloves)
Will    .....                   (boots currently unavailable)
Stlth   +.........              (no amulet)
HPRegen 0.09/turn               (no ring)
MPRegen 0.10/turn               (no ring)

@: appendages (expiring)
A: horns 2, talons 2, AC +5, unfitting armour, cold-blooded
a: End Transformation


You were on level 2 of the Dungeon.
You had temporarily grown beastly horns and talons.
You visited 1 branch of the dungeon, and saw 2 of its levels.

You collected 32 gold pieces.

Inventory:

Hand Weapons
 e - a +0 whip of venom
Armour
 d - a scarf of resistance (worn)
Magical Staves
 a - a staff of earth
Jewellery
 f - a ring of protection from fire
Potions
 b - a potion of magic {unknown}
 c - a potion of haste {unknown}


   Skills:
 - Level 1.1 Fighting
 * Level 2.1 Dodging
 + Level 3.5 Unarmed Combat
 - Level 2.0 Spellcasting
 * Level 2.6 Transmutations


You had 2 spell levels left.
You knew the following spells:

 Your Spells              Type           Power      Damage    Failure   Level
a - Beastly Appendage     Tmut           18%        N/A       8%          1
b - Spider Form           Tmut/Pois      5%         N/A       36%         3

Your spell library contained the following spells:

 Spells                   Type           Power      Damage    Failure   Level
 Wereblood                Tmut           9%         N/A       11%         2
 Ice Form                 Ice/Tmut       5%         N/A       77%         4


Dungeon Overview and Level Annotations

Branches:
Dungeon (2/15)

Altars:

Annotations:
D:2 Jessica


Innate Abilities, Weirdness & Mutations

You have temporarily grown beastly horns and talons.
Your plain brown scales are hard. (AC +5)
You cannot fit into any form of body armour.
You are cold-blooded and may be slowed by cold attacks.


Message History

Confirm with . or Enter, or press ? or * to list all spells.
You grow a pair of large bovine horns.
Your feet morph into talons.
Jessica points at you and mumbles some strange words.
You resist with some effort.
Found 9 stones.
Casting: Beastly Appendage (safe; 8% risk of failure)
Confirm with . or Enter, or press ? or * to list all spells.
The spell is extremely dangerous to miscast (36% risk of failure)!
Continue anyway?
You miscast Spider Form.
You are very lightly contaminated with residual magic.
Nothing appears to happen.
Casting: Spider Form (extremely dangerous; 36% risk of failure)
Confirm with . or Enter, or press ? or * to list all spells.
You don't have enough magic to cast this spell.
Jessica is nearby!
Casting: Spider Form (extremely dangerous; 36% risk of failure)
Confirm with . or Enter, or press ? or * to list all spells.
Okay, then.
Found a scroll labelled WEWNECZ EGUMN.
Jessica casts a spell at you. Pain shoots through your body!
Jessica hits you with a +0 club.
You hit Jessica.
Jessica is moderately wounded.
Jessica casts a spell.
Jessica blinks!
Jessica points at you and mumbles some strange words.
Pain shoots through your body!
* * * LOW HITPOINT WARNING * * *
Jessica misses you.
You hit Jessica but do no damage.
Your tail-slap misses Jessica.
Jessica is lightly wounded.
Jessica gestures wildly while chanting.
Jessica blinks!
Your magical contamination has completely faded away.
There is an open door here.
Your transformation is almost over.
Jessica points at you and mumbles some strange words.
Pain shoots through your body!
You die...

#.....#. ### #####.#.
+.# #.## #.# #... #.#
#### #.# # #.##### #
#.#.?.# #
#@#...############
#.'...............
###...........####
#...............
#..@........####
#..............#
(.###............#.#
.....................
...######........##.#


You could see Jessica.

Vanquished Creatures
  A dart slug (D:1)
  4 ball pythons (D:1)
  2 bats
  2 endoplasms (D:1)
  3 goblins (D:1)
  A hobgoblin (D:2)
  A jackal (D:1)
  2 quokkas (D:1)
  2 frilled lizards (D:1)
  4 kobolds
  5 rats
27 creatures vanquished.

Notes
Turn   | Place    | Note
-------+----------+-------------------------------------------
     0 | D:1      | fragbeetle the Draconian Transmuter began the quest for the
                  | Orb.
     0 | D:1      | Reached XP level 1. HP: 16/16 MP: 3/3
   247 | D:1      | Reached XP level 2. HP: 17/23 MP: 3/5
   561 | D:1      | Found a faded altar of an unknown god.
   715 | D:1      | You fall into a shaft and drop 1 floor!
  1014 | D:2      | Reached XP level 3. HP: 28/28 MP: 4/6
  1014 | D:2      | Noticed Jessica
  1137 | D:2      | Learned a level 3 spell: Spider Form
  1351 | D:2      | Killed from afar by Jessica

Illustrated notes

Levels and vault maps discovered:
D:1:      tarquinn_simple_flora_water_e, layout_basic,
          shapermc_ecumenical_altar_notcrosses, chequers_mini_garden,
          st_stairs_11
D:2:      minmay_wonky_spiral, layout_basic, uniq_jessica

Skill      XL: |  1  2 |
---------------+-------+-----
Dodging        | 2 |  2.1
Fighting       | |  1.1
Unarmed Combat | |  3.5
Spellcasting   | |  2.0
Transmutations | |  2.6

Action                   || total
-------------------------++-------
Melee: Unarmed           ||    69
       Kick              ||     9
       Headbutt          ||     7
       Tailslap          ||     4
 Cast: Beastly Appendage ||    18
 Stab: Sleeping          ||     6
Armor: Skin              ||    16
Dodge: Dodged            ||    40

Table legend: (Time is in decaauts)
 A = Elapsed time spent in this place.
 B = Non-inter-level travel time spent in this place.
 C = Inter-level travel time spent in this place.
 D = Time resting spent in this place.
 E = Time spent auto-exploring this place.
 F = Levels seen in this place.
 G = Mean time per level.
                   A        B        C        D        E       F      G
               +--------+--------+--------+--------+--------+-----+--------+
         Total |   1348 |   1283 |     65 |      0 |    903 |   2 |  674.0 |
       Dungeon |   1348 |   1283 |     65 |      0 |    903 |   2 |  674.0 |
               +--------+--------+--------+--------+--------+-----+--------+

Top non-repeatable levels by time:
     D:1: 899 daAuts
     D:2: 449 daAuts
